 Dungeon Crawl Stone Soup version 0.24.0-123-gd5b16e6ec5 (webtiles) character file.

Game seed: 11498784491752814828, levelgen mode: deterministic

72 Delamore the Chopper (level 4, 35/35 HPs)
             Began as a Formicid Fighter on Jan 10, 2020.
             Was a Follower of Vehumet.
             Quit the game on level 2 of the Dungeon.
             The game lasted 00:01:28 (1211 turns).

Delamore the Chopper (Formicid Fighter)             Turns: 1211, Time: 00:01:29

Health: 35/35      AC:  6    Str: 21    XL:     4   Next: 50%
Magic:  4/4        EV:  7    Int:  8    God:    Vehumet [*.....]
Gold:   75         SH:  9    Dex: 10    Spells: 3/3 levels left

rFire    . . .     SeeInvis +   a - +0 war axe
rCold    + . .     Gourm    .   c - +0 shield
rNeg     . . .     Faith    .   b - +0 scale mail
rPois    .         Spirit   .   (helmet unavailable)
rElec    .         Reflect  .   (no cloak)
rCorr    .         Harm     .   (no gloves)
MR       .....                  (no boots)
Stlth    ..........             (no amulet)
HPRegen  0.11/turn              g - ring of protection from cold
MPRegen  0.09/turn              (no ring)

@: no status effects
A: permanent stasis, dig shafts and tunnels, four strong arms, antennae 3
a: Dig, Shaft Self, Renounce Religion


You were on level 2 of the Dungeon.
You worshipped Vehumet.
Vehumet was aware of your devotion.
You were not hungry.

You visited 1 branch of the dungeon, and saw 2 of its levels.

You collected 75 gold pieces.

Inventory:

Hand Weapons
 a - a +0 war axe (weapon)
Armour
 b - a +0 scale mail (worn)
 c - a +0 shield (worn)
Jewellery
 g - a ring of protection from cold (left hand)
Scrolls
 h - a scroll of fog {unknown}
 j - a scroll of enchant weapon {unknown}
 l - a scroll of immolation {unknown}
 o - a scroll of remove curse {unknown}
 p - 2 scrolls of enchant armour {unknown}
 q - a scroll of identify {unknown}
Potions
 d - a potion of might
 e - a potion of degeneration {unknown}
 i - a potion of curing {unknown}
 k - a potion of magic {unknown}
 m - a potion of berserk rage {unknown}
 n - a potion of haste {unknown}
Comestibles
 f - 4 rations


   Skills:
 - Level 3.2 Fighting
 + Level 4.4 Axes
 - Level 3.2 Armour
 - Level 3.6 Shields


You had 3 spell levels left.
You didn't know any spells.
Your spell library was empty.

Dungeon Overview and Level Annotations

Branches:
Dungeon (2/15)

Altars:
Vehumet


Innate Abilities, Weirdness & Mutations

You cannot be hasted, slowed, berserked, paralysed or teleported.
You can dig through walls and to a lower floor.
Your four strong arms can wield two-handed weapons with a shield.
You have a pair of large antennae on your head. (SInv)


Message History

You closely miss the bat. The bat hits you but does no damage.
You block the bat's attack.
You hit the bat.
You kill the bat!
Vehumet accepts your kill.
No target in view!
No target in view!
No target in view!
No target in view!
No target in view!
No target in view!
No target in view!
No target in view!
No target in view!
No target in view!
No target in view!
Found a club.
You see here a club.
Found 25 stones.
Are you sure you want to abandon this character and quit the game? (Confirm with "yes".)

##### ########...#
.......@...#
.(######..)#######
##........#
##.######.#
#...#####.#
#.#....##.# ##+##
#...##.##.#
##...##
##.###.##.#
##.....##
#.###.##.#


There were no monsters in sight!

Vanquished Creatures
  A gnoll (D:1)
  2 adders (D:2)
  An ooze (D:1)
  3 dart slugs
  A leopard gecko (D:1)
  9 bats
  2 giant cockroaches
  3 hobgoblins (D:1)
  2 ball pythons
  2 frilled lizards
  4 goblins
  3 kobolds (D:1)
  7 rats
40 creatures vanquished.

Notes
Turn   | Place    | Note
-------+----------+-------------------------------------------
     0 | D:1      | Delamore the Formicid Fighter began the quest for the Orb.
     0 | D:1      | Reached XP level 1. HP: 18/18 MP: 1/1
    14 | D:1      | You fall into a shaft and drop 1 floor!
   126 | D:1      | Reached XP level 2. HP: 24/24 MP: 2/2
   234 | D:1      | Reached skill level 3 in Axes
   376 | D:1      | Reached XP level 3. HP: 29/29 MP: 3/3
   971 | D:2      | Reached skill level 4 in Axes
   971 | D:2      | Reached XP level 4. HP: 35/35 MP: 4/4
  1060 | D:2      | Found a faded altar of an unknown god.
  1077 | D:2      | Became a worshipper of Vehumet
  1077 | D:2      | Reached * piety under Vehumet
  1077 | D:2      | Offered knowledge of Shock by Vehumet.
  1211 | D:2      | Quit the game

Levels and vault maps discovered:
D:1:      giann_horns, layout_basic
D:2:      layout_loops_corners, gammafunk_temple_overflow_statue,
          chequers_ecumenical_altar_simple, chequers_serial_rivers_large_b,
          roderic_lattice_a

Skill      XL: |  1  2  3 |
---------------+----------+-----
Axes           | 3 4 |  4.4
Fighting       | |  3.2
Armour         | |  3.2
Shields        | |  3.6

Action                   |  1- 3 |  4- 6 || total
-------------------------+-------+-------++-------
Melee: War axe           |   103 |    32 ||   135
  Eat: Chunk             |       |     1 ||     1
Armor: Scale mail        |    46 |    16 ||    62
Dodge: Dodged            |    47 |     8 ||    55
Block: Shield            |    50 |    21 ||    71
